 Dungeon Crawl Stone Soup version 0.24-a0-282-g1a68c91 (webtiles) character file.

Game seed: 7291335207443537783

1495 MatthieuS the Destroyer (level 8, -4/57 HPs)
             Began as a Green Draconian Conjurer on May 2, 2019.
             Was a Believer of Sif Muna.
             Slain by Duvessa
             ... wielding a +1 short sword of draining
              (6 damage)
             ... on level 6 of the Dungeon.
             The game lasted 00:14:21 (7425 turns).

MatthieuS the Destroyer (Green Draconian Conjurer)  Turns: 7425, Time: 00:14:21

Health: -4/57      AC:  7    Str: 10    XL:     8   Next: 51%
Magic:  10/18      EV: 11    Int: 18    God:    Sif Muna [**....]
Gold:   253        SH:  0    Dex: 14    Spells: 11/21 levels left

rFire    . . .     SeeInvis .   a - +3 rapier (venom)
rCold    . . .     Gourm    .   (no shield)
rNeg     . . .     Faith    .   (armour unavailable)
rPois    +         Spirit   .   (helmet restricted)
rElec    .         Reflect  .   (no cloak)
rCorr    .         Harm     .   l - +0 pair of gloves
MR       .....                  (no boots)
Stlth    +.........             (no amulet)
HPRegen  0.19/turn              j - +2 ring of dexterity
MPRegen  0.16/turn              (no ring)

@: short of breath, heavily drained
A: breathe noxious fumes, unfitting armour, poison resistance, cold-blooded, AC
+6
a: Breathe Noxious Fumes, Divine Energy, Renounce Religion


You were on level 6 of the Dungeon.
You worshipped Sif Muna.
Sif Muna was pleased with you.
You were hungry.

You visited 1 branch of the dungeon, and saw 6 of its levels.

You collected 253 gold pieces.

Inventory:

Hand Weapons
 a - a +3 rapier of venom (weapon)
   (You took it off Eustachio on level 3 of the Dungeon)
Missiles
 h - a throwing net (quivered) {!f}
Armour
 l - a +0 pair of gloves (worn)
   (You found it on level 2 of the Dungeon)
Jewellery
 j - a +2 ring of dexterity (left hand)
   (You found it on level 5 of the Dungeon)
Wands
 d - a wand of iceblast (7)
   (You found it on level 3 of the Dungeon)
Scrolls
 g - a scroll of identify {@r1}
 i - a scroll of enchant armour
 k - 2 scrolls of teleportation {@r4}
 n - a scroll of remove curse {@r2}
 o - 2 scrolls of amnesia
Potions
 b - a potion of curing {@q1}
 c - a potion of degeneration {unknown}
 f - a potion of heal wounds {unknown}
 p - a potion of haste {unknown}
Comestibles
 e - 10 rations
 m - 3 chunks of flesh


   Skills:
 - Level 1.7(0.0) Dodging
 - Level 1.7(0.0) Stealth
 + Level 7.2(5.0) Spellcasting
 + Level 8.6(6.3) Conjurations


You had 11 spell levels left.
You knew the following spells:

 Your Spells              Type           Power        Failure   Level  Hunger
a - Magic Dart            Conj           ####         1%          1    None
b - Searing Ray           Conj           ####..       1%          2    #......
c - Dazzling Spray        Conj/Hex       ###...       11%         3    ##.....
d - Iskenderun's Mystic   Conj           ####....     10%         4    ####...

Your spell library contained the following spells:

 Spells                   Type           Power        Failure   Level  Hunger
 Force Lance              Conj/Tloc      ###.....     34%         4    ####...
 Fulminant Prism          Conj/Hex       ###.......   34%         4    ####...


Dungeon Overview and Level Annotations

Branches:
Dungeon (6/15)             Temple (0/1) D:4

Altars:
Kikubaaqudgha
Sif Muna
Xom
Zin
The Shining One

Shops:
D:6 }

Annotations:
D:6 Dowan, Duvessa


Innate Abilities, Weirdness & Mutations

You can breathe blasts of noxious fumes.
Your lurid green scales are hard. (AC +6)
You cannot fit into any form of body armour.
Your system is resistant to poisons. (rPois)
You are cold-blooded and may be slowed by cold attacks.


Message History

Aim: Dowan, wielding a -2 dagger and wearing a +0 robe (moderately wounded)
The magic dart hits Duvessa.
You start resting.
Duvessa is too close now for your liking.
Aim: Duvessa, wielding a +1 short sword of draining and wearing a +0 ring mail The searing ray hits Duvessa. (Press . to maintain the ray.)
The searing ray misses Duvessa.
The searing ray misses Dowan.
The searing ray hits Duvessa!
The searing ray hits Dowan!
You finish channeling your searing ray.
Duvessa hits you with a +1 short sword of draining.
You feel drained.
Dowan casts a spell at Duvessa.
Duvessa seems to speed up.
You open the door.
Duvessa hits you with a +1 short sword of draining.
You feel drained. Dowan hits you but does no damage.
Duvessa hits you with a +1 short sword of draining.
You feel drained.
Duvessa hits you with a +1 short sword of draining.
You feel drained.
Dowan smirks and points a slender finger.
There is an open door, spattered with blood here.
Aim: Duvessa, wielding a +1 short sword of draining and wearing a +0 ring mail (heavily wounded, fast)
You exhale a blast of noxious fumes.
The blast of choking fumes hits Duvessa!
You are feeling hungry.
Duvessa is engulfed in noxious fumes.
Duvessa appears confused.
Duvessa hits you with a +1 short sword of draining.
You feel drained.
Duvessa is engulfed in noxious fumes.
Duvessa appears confused.
Duvessa barely misses you.
You hit Duvessa.
Duvessa is poisoned.
Duvessa is engulfed in noxious fumes.
Duvessa appears confused.
Duvessa hits you with a +1 short sword of draining!
* * * LOW HITPOINT WARNING * * *
You feel drained.
* * * LOW HITPOINT WARNING * * *
Duvessa is engulfed in noxious fumes.
Duvessa appears confused.
Duvessa hits you with a +1 short sword of draining!
* * * LOW HITPOINT WARNING * * *
You feel drained.
* * * LOW HITPOINT WARNING * * *
Dowan casts a spell at you. The puff of flame hits you.
* * * LOW HITPOINT WARNING * * *
There is an open door, spattered with blood here.
Duvessa barely misses Dowan.
Duvessa grins madly.
Duvessa hits you with a +1 short sword of draining.
You die...

##.# ##+##8.8.8##.......# #.#
##...#.⌠.⌠.######.### #.##
##.....8.∩.8#### #.# #..##
##.......⌠.⌠..#.###.#
###...####.......8.8.8....##.#
.........'.÷.......'.......#.#
##....####........e####...##.#
#.#.## ##......e## ....##.#
#.### ##....@## .....# #.
##...## #....... #. ##+##
#..e..### #.e...# ###.###


You could see Duvessa (confused) and Dowan.

Vanquished Creatures
  Prince Ribbit (D:6)
  Sigmund (D:2)
  Eustachio (D:3)
  An ice beast (D:4)
  A black bear (D:6)
  A phantom (D:5)
  A centaur (D:5)
  A scorpion (D:5)
  3 howler monkeys (D:5)
  A hound (D:6)
  A jelly (D:5)
  A centaur zombie (D:5)
  An orc wizard (D:6)
  2 bullfrog skeletons
  2 iguanas
  A worker ant (D:5)
  A hound zombie (D:5)
  A hound skeleton (D:6)
  A worker ant zombie (D:6)
  4 gnolls (D:2)
  4 adders
  2 adder zombies (D:5)
  An adder skeleton (D:5)
  4 worms
  2 dart slugs (D:2)
  5 leopard geckos
  7 orcs
  4 ball pythons
  8 giant cockroaches
  8 goblins
  9 hobgoblins
  5 jackals
  7 kobolds
  6 quokkas
  10 bats
  3 frilled lizards
  A quokka skeleton (D:5)
  A quokka zombie (D:6)
  10 rats
124 creatures vanquished.

Vanquished Creatures (others)
  A bullfrog zombie (D:6)
1 creature vanquished.

Grand Total: 125 creatures vanquished

Notes
Turn   | Place    | Note
-------+----------+-------------------------------------------
     0 | D:1      | MatthieuS the Draconian Conjurer began the quest for the
                  | Orb.
     0 | D:1      | Reached XP level 1. HP: 14/14 MP: 3/3
   457 | D:1      | Reached XP level 2. HP: 17/20 MP: 3/5
  1196 | D:1      | Reached XP level 3. HP: 12/26 MP: 4/7
  1364 | D:1      | Learned a level 2 spell: Searing Ray
  1368 | D:1      | Learned a level 3 spell: Dazzling Spray
  2201 | D:2      | Reached XP level 4. HP: 33/33 MP: 4/8
  2386 | D:2      | Reached skill level 5 in Conjurations
  3079 | D:2      | Found an ancient bone altar of Kikubaaqudgha.
  3089 | D:2      | Noticed Sigmund
  3109 | D:2      | Killed Sigmund
  3109 | D:2      | Reached XP level 5. HP: 22/38 MP: 2/11
  3109 | D:2      | Reached XP level 6. HP: 26/45 MP: 2/12
  3660 | D:3      | Reached skill level 6 in Conjurations
  4050 | D:3      | Found a glowing golden altar of the Shining One.
  4345 | D:3      | Found a deep blue altar of Sif Muna.
  4353 | D:3      | Became a worshipper of Sif Muna the Loreminder
  4496 | D:4      | Noticed an ice beast
  4512 | D:4      | Killed an ice beast
  4743 | D:4      | Found a staircase to the Ecumenical Temple.
  4938 | D:4      | Reached skill level 5 in Spellcasting
  5051 | D:4      | Noticed Eustachio
  5150 | D:3      | Killed Eustachio
  5150 | D:3      | Your scales start taking on a lurid green colour.
  5150 | D:3      | Reached XP level 7. HP: 34/50 MP: 6/15
  5150 | D:3      | Gained mutation: Your system is resistant to poisons.
                  | (rPois) [Green Draconian growth]
  5491 | D:4      | Learned a level 4 spell: Iskenderun's Mystic Blast
  5492 | D:5      | Entered Level 5 of the Dungeon
  5669 | D:5      | Reached * piety under Sif Muna
  5669 | D:5      | Reached skill level 7 in Conjurations
  6280 | D:5      | Reached XP level 8. HP: 57/57 MP: 4/17
  6876 | D:6      | Reached skill level 8 in Conjurations
  6890 | D:6      | Noticed Prince Ribbit
  6905 | D:6      | Killed Prince Ribbit
  6905 | D:6      | Reached ** piety under Sif Muna
  7231 | D:6      | Found a shimmering altar of Xom.
  7286 | D:6      | Noticed an angel
  7343 | D:6      | Found a glowing silver altar of Zin.
  7394 | D:6      | Found Mocyxtih's Gadget Shop.
  7404 | D:6      | Noticed Dowan
  7406 | D:6      | Noticed Duvessa
  7422 | D:6      | HP: 2/57 [Dowan/puff of flame (6)]
  7425 | D:6      | Slain by Duvessa

Levels and vault maps discovered:
D:1:      dpeg_arrival_three_smaller_balls, layout_basic,
          minmay_misc_feat_diagonals, minmay_split_cup_small
D:2:      layout_rooms, lemuel_doored_altar, minmay_hedge_maze,
          chequers_hall_statues_wall_a, uniq_sigmund
D:3:      layout_rooms, tso_oasis_becter, lemuel_coloured_pillars_altar,
          first_ration, chequers_garden, wad_rectangle_vault
D:4:      layout_cave_pools, minmay_temple_entry_sparse_star, uniq_eustachio
D:5:      kennysheep_spiral_hall, layout_basic
D:6:      layout_loops_corners, grunt_temple_overflow_order_and_chaos_1,
          lemuel_round_altar, serial_shops,
          nicolae_shop_temple_entry_statues_fountains, uniq_prince_ribbit1,
          uniq_duvessa

Skill      XL: |  1  2  3  4  5  6  7  8 |
---------------+-------------------------+-----
Spellcasting   | 3 4 5 6 7 |  7.2
Conjurations   | 5 6 7 8 |  8.6
Dodging        | |  1.7
Stealth        | |  1.7

Action                   |  1- 3 |  4- 6 |  7- 9 || total
-------------------------+-------+-------+-------++-------
Melee: Unarmed           |    29 |       |       ||    29
       Tailslap          |     3 |     2 |     2 ||     7
       Dagger            |    16 |    17 |       ||    33
       Rapier            |       |       |    16 ||    16
 Cast: Magic Dart        |    67 |    84 |    89 ||   240
       Searing Ray       |     3 |    21 |    13 ||    37
 Abil: Breathe Noxious F |       |       |     2 ||     2
  Use: Scroll            |       |     7 |       ||     7
       Potion            |       |     3 |       ||     3
  Eat: Chunk             |     5 |     5 |     4 ||    14
       Ration            |       |     1 |     1 ||     2
Armor: Skin              |    23 |    21 |    15 ||    59
Dodge: Dodged            |    48 |    48 |    32 ||   128

Table legend:
 A = Non-vault XP
 B = Vault XP
 C = Vault XP percentage of total XP
 D = Non-vault monster count
 E = Vault monster count
 F = Vault count percentage of total count
                 A         B        C        D         E       F
            +---------+---------+-------+---------+---------+-------
      Total |    1238 |     899 |  42.1 |     109 |      15 |  12.1
            +---------+---------+-------+---------+---------+-------
        D:1 |      49 |       5 |   9.3 |      27 |       3 |  10.0
        D:2 |     147 |     227 |  60.7 |      32 |       1 |   3.0
        D:3 |      35 |     213 |  85.9 |      14 |       7 |  33.3
        D:4 |     188 |       0 |   0.0 |      10 |       0 |   0.0
        D:5 |     525 |     171 |  24.6 |      16 |       3 |  15.8
        D:6 |     294 |     283 |  49.0 |      10 |       1 |   9.1
            +---------+---------+-------+---------+---------+-------
